 Dungeon Sprint DCSS version 0.18-a0-1805-g8ab820f (webtiles) character file.

834 Kidiri the Covert (level 7, -8/37 HPs)
             Began as a Spriggan Enchanter on Apr 26, 2016.
             Mangled by a boulder beetle (21 damage)
             ... in the Dungeon (Sprint II: "The Violet Keep of Menkaure").
             The game lasted 00:09:05 (526 turns).

Kidiri the Covert (Spriggan Enchanter)               Turns: 526, Time: 00:09:06

Health: -8/37      AC:  3    Str:  4    XL:     7   Next: 66%
Magic:  18/20      EV: 26    Int: 18    God:
Gold:   729        SH:  0    Dex: 17    Spells: 5 memorised, 11 levels left

rFire  . . .     SeeInvis +     a - +1 dagger
rCold  . . .     Gourm    .     b - +1 robe
rNeg   . . .     Faith    .     (shield restricted)
rPois  .         Spirit   .     (helmet restricted)
rElec  .         Dismiss  .     (no cloak)
rCorr  .         Reflect  .     (gloves unavailable)
SustAt .         Harm     .     (boots unavailable)
MR     +....     NoTele   +     (no amulet)
Stlth  ++++++....               (no ring)
                                (no ring)

@: very quick, somewhat resistant to hostile enchantments, very stealthy
A: unfitting armour, see invisible, herbivore 3, speed 3, slow metabolism 2
a: no special abilities


You were in the Dungeon.
You were not hungry.

You visited 1 branch You collected 729 gold pieces.

Inventory:

Hand Weapons
 a - a +1 dagger (weapon)
Armour
 b - a +1 robe (worn)
Scrolls
 j - a scroll of blinking
Potions
 g - a potion of haste
 h - 2 potions of magic
Books
 c - a book of Maledictions

   Spells                             Type                      Level
   a - Corona                         Hexes                        1
   b - Ensorcelled Hibernation        Hexes/Ice                    2
   c - Confuse                        Hexes                        3
   d - Tukima's Dance                 Hexes                        3
   e - Dazzling Spray                 Conjuration/Hexes            3
Comestibles
 d - a bread ration


   Skills:
 + Level 3.9 Fighting
 * Level 7.6 Short Blades
 + Level 3.5 Armour
 * Level 10.4 Dodging
 * Level 11.5 Stealth
 * Level 8.8 Spellcasting
 + Level 1.8 Conjurations
 + Level 7.0 Hexes
 + Level 2.0 Ice Magic


You had 11 spell levels left.
You knew the following spells:

 Your Spells              Type           Power        Failure   Level  Hunger
a - Corona                Hex            ####...      1%          1    None
b - Ensorcelled Hibernat  Hex/Ice        ###...       1%          2    None
c - Confuse               Hex            ####....     1%          3    None
d - Tukima's Dance        Hex            ####....     1%          3    None
e - Dazzling Spray        Conj/Hex       ###.....     4%          3    None


Dungeon Overview and Level Annotations

Branches:
Dungeon (1/1)

Altars:


Innate Abilities, Weirdness & Mutations

You are tiny and cannot use many weapons and most armour.
You have supernaturally acute eyesight.
You are a herbivore.
You cover ground extremely quickly.
You need consume almost no food.


Message History

You start resting.
Magic restored.
You open the door.
There is an open door here.
There is an open door here.
The helpless boulder beetle fails to defend itself.
You skewer the boulder beetle like a kebab!!!!
The boulder beetle is almost dead.
Unknown command.
Casting: Confuse
Confirm with . or Enter, or press ? or * to list all spells.
Aiming: Ensorcelled Hibernation
Press: ? - help, Shift-Dir - straight line, f - boulder beetle
Aim: a boulder beetle (almost dead, chance to defeat MR: 36%)
The boulder beetle easily resists.
The boulder beetle bites you!!
Ouch! That really hurt!
The boulder beetle curls into a ball and starts rolling!
The boulder beetle bites you!!
Ouch! That really hurt!
You die...

##+## ##@#.##
#.B#..#
####B#.####
##.###ยง###.##
#.#%##.##...#
+###'.<.'.#.+
#.#.##.##.).#
##.###'###.##
####.#.####


You could see 2 boulder beetles.

Vanquished Creatures
  A siren (D)
  2 hippogriffs (D)
  4 necrophages (D)
7 creatures vanquished.

Vanquished Creatures (others)
  Menkaure (D)
  A crocodile (D)
2 creatures vanquished.

Grand Total: 9 creatures vanquished

Notes
Turn   | Place    | Note
--------------------------------------------------------------
     0 | D        | Kidiri the Spriggan Enchanter began the quest for the Orb.
     0 | D        | Reached XP level 1. HP: 9/9 MP: 5/5
     1 | D        | Noticed a boulder beetle
     1 | D        | Noticed a boulder beetle
     4 | D        | Noticed a hippogriff
     4 | D        | Noticed a hippogriff
     7 | D        | Noticed a necrophage
     7 | D        | Noticed a necrophage
     7 | D        | Noticed a necrophage
     7 | D        | Noticed a necrophage
    10 | D        | Noticed a siren
    21 | D        | Killed a necrophage
    21 | D        | Reached skill level 1 in Fighting
    21 | D        | Reached skill level 1 in Armour
    21 | D        | Reached skill level 7 in Stealth
    21 | D        | Reached skill level 5 in Spellcasting
    21 | D        | Reached XP level 2. HP: 6/13 MP: 3/9
    21 | D        | Reached XP level 3. HP: 8/16 MP: 3/10
    21 | D        | Reached XP level 4. HP: 10/21 MP: 3/12
    25 | D        | Killed a necrophage
    25 | D        | Reached skill level 8 in Stealth
    25 | D        | Reached skill level 5 in Hexes
    25 | D        | Reached XP level 5. HP: 12/25 MP: 3/14
    32 | D        | Killed a necrophage
    32 | D        | Reached skill level 5 in Short Blades
    32 | D        | Reached skill level 9 in Stealth
    38 | D        | Killed a necrophage
    38 | D        | Reached XP level 6. HP: 15/30 MP: 4/17
    50 | D        | Learned a level 2 spell: Ensorcelled Hibernation
    54 | D        | Learned a level 3 spell: Confuse
    57 | D        | Killed Menkaure
    58 | D        | Learned a level 3 spell: Tukima's Dance
    62 | D        | Learned a level 3 spell: Dazzling Spray
   280 | D        | Killed a hippogriff
   280 | D        | Reached skill level 10 in Stealth
   280 | D        | Reached skill level 1 in Ice Magic
   283 | D        | Killed a hippogriff
   283 | D        | Reached skill level 1 in Conjurations
   283 | D        | Reached XP level 7. HP: 34/34 MP: 10/19
   419 | D        | Killed a siren
   419 | D        | Reached skill level 10 in Dodging
   419 | D        | Reached skill level 11 in Stealth
   526 | D        | Mangled by a boulder beetle

Vault maps used:
D:        the_violet_keep_of_menkaure

Skill      XL: |  1  2  3  4  5  6  7 |
---------------+----------------------+-----
Fighting       | 1 2 3 |  3.9
Short Blades   | 3 4 6 7 |  7.6
Armour         | 1 2 3 |  3.5
Dodging        | 6 7 8 9 10 | 10.4
Stealth        | 7 8 9 10 11 | 11.5
Spellcasting   | 5 6 7 8 |  8.8
Hexes          | 4 5 6 7 |  7.0
Ice Magic      | 1 2 |  2.0
Conjurations   | 1 |  1.8

Action                   |  1- 3 |  4- 6 |  7- 9 || total
-------------------------+-------+-------+-------++-------
Melee: Dagger            |     5 |    19 |    59 ||    83
 Cast: Corona            |     2 |       |       ||     2
       Ensorcelled Hiber |       |     4 |     2 ||     6
       Confuse           |       |       |     5 ||     5
       Tukima's Dance    |       |       |     2 ||     2
  Use: Potion            |     1 |       |     2 ||     3
 Stab: Sleeping          |       |     2 |     1 ||     3
Dodge: Dodged            |     1 |    13 |     8 ||    22
